 Dungeon Crawl Stone Soup version 0.28.0-62-gf88900778d (webtiles) character file.

Game seed: 11761756136765260120

23 cbfl8 the Poker (level 2, -1/24 HPs)
             Began as a Merfolk Berserker on June 25, 2023.
             Was a Follower of Trog.
             Slain by Sigmund
             ... wielding a +0 scythe
              (8 damage)
             ... on level 2 of the Dungeon.
             The game lasted 00:01:08 (968 turns).

cbfl8 the Poker (Merfolk Berserker)                  Turns: 968, Time: 00:01:09

Health: -1/24      AC:  6    Str: 17    XL:     2   Next: 95%
Magic:  2/2        EV: 10    Int:  6    God:    Trog [*.....]
Gold:   66         SH:  3    Dex: 13    Spells: 1/1 levels left

rFire   . . .      SeeInvis .   a - +1 spear
rCold   . . .      Faith    .   c - +0 buckler
rNeg    . . .      Spirit   .   f - +0 scale mail
rPois   .          Reflect  .   (no helmet)
rElec   .          Harm     .   (no cloak)
rCorr   .          Rampage  .   (no gloves)
Will    .....                   (no boots)
Stlth   ..........              (no amulet)
HPRegen 0.08/turn               (no ring)
MPRegen 0.08/turn               (no ring)

@: on berserk cooldown, slowed, very slow
A: (nimble swimmer 2), mertail
a: Renounce Religion, Berserk


You were on level 2 of the Dungeon.
You worshipped Trog.
Trog was aware of your devotion.
You visited 1 branch of the dungeon, and saw 2 of its levels.

You collected 66 gold pieces.

Inventory:

Hand Weapons
 a - a +1 spear (weapon)
Armour
 c - a +0 buckler (worn)
 f - a +0 scale mail (worn)
Scrolls
 b - a scroll of identify {unknown}
Potions
 d - a potion of ambrosia {unknown}


   Skills:
 + Level 3.6 Fighting
 + Level 5.1 Polearms
 + Level 1.4 Armour
 + Level 2.8 Dodging
 * Level 0.8 Evocations


You had one spell level left.
You didn't know any spells.
Your spell library was empty.

Dungeon Overview and Level Annotations

Branches:
Dungeon (2/15)

Altars:

Shops:
D:1 (

Annotations:
D:2 Sigmund


Innate Abilities, Weirdness & Mutations

((You are very nimble when in or above water. (Stealth+, EV+, Speed+++)))
Your lower body shifts to a powerful aquatic tail in water.


Message History

You kill the goblin!
Trog accepts your kill.
Sigmund the Dreaded comes into view.
He is wielding a +0 scythe.
You see here a +2 whip of electrocution.
Sigmund is nearby!
Sigmund is nearby!
Sigmund is nearby!
You fail to use your ability.
Sigmund barely misses you.
You reach to attack!
You closely miss Sigmund.
Sigmund hits you from afar with a +0 scythe!
You reach to attack!
You barely miss Sigmund.
A red film seems to cover your vision as you go berserk!
You feel yourself moving faster!
You feel mighty!
Sigmund points at you and mumbles some strange words.
You are confused.
You are too confused!
You are too confused!
You feel a strong urge to attack something.
Sigmund casts a spell at you. You resist with significant effort.
Sigmund barely misses you.
You feel your anger nearly subside.
Your blood rage is quickly leaving you.
You are no longer berserk.
You are exhausted.
You feel yourself slow down. Sigmund hits you but does no damage.
You are too confused!
Sigmund hits you but does no damage.
You feel less confused.
Sigmund mumbles some strange words.
Sigmund flickers and vanishes!
Deactivating autopickup; reactivate with Ctrl-A.
Something hits you!
* * * LOW HITPOINT WARNING * * *
Something hits you but does no damage.
Found 9 gold pieces.
You see here 4 gold pieces.
As you read the scroll labelled QUSEOD ZYICEVA, it crumbles to dust.
It is a scroll of enchant weapon.
Your +0 spear glows red for a moment.
Something hits you!
You die...

#..........# ...
#..........# ....
#..........#
.....#..........###
.......$..........#
.....##.#......##
......#.........##
.........{.......# .
.......@).......[...##..
.....##.)...............
.... #.................
.$. #..........####...
..####.........####.#
.....................##
######..............#..
#...........>>...#
#...............#.#


There were no monsters in sight!

Vanquished Creatures
  2 dart slugs (D:1)
  2 endoplasms (D:1)
  A giant cockroach (D:1)
  2 goblins
  4 hobgoblins
  2 ball pythons (D:1)
  2 frilled lizards (D:1)
  3 rats (D:1)
18 creatures vanquished.

Notes
Turn   | Place    | Note
-------+----------+-------------------------------------------
     0 | D:1      | cbfl8 the Merfolk Berserker began the quest for the Orb.
     0 | D:1      | Reached XP level 1. HP: 18/18 MP: 1/1
    16 | D:1      | Found Mezysigg's Weapon Boutique.
   168 | D:1      | Reached XP level 2. HP: 18/24 MP: 2/2
   567 | D:1      | Reached skill level 5 in Polearms
   949 | D:2      | Noticed Sigmund
   968 | D:2      | Slain by Sigmund

Illustrated notes

Levels and vault maps discovered:
D:1:      lightli_arrival_maybe_door_vault, layout_loops_ring, serial_shops,
          shop
D:2:      layout_rooms, basic_ecumenical_altar, basic_altar, uniq_sigmund,
          uniq_natasha, uniq_terence

Skill      XL: |  1  2 |
---------------+-------+-----
Polearms       | 5 |  5.1
Fighting       | |  3.6
Armour         | |  1.4
Dodging        | |  2.8
Evocations     | |  0.8

Action                   || total
-------------------------++-------
Melee: Spear             ||    52
       Punch             ||     1
Invok: Berserk           ||     1
  Use: Scroll            ||     1
 Stab: Sleeping          ||     1
Armor: Animal skin       ||     2
       Scale mail        ||     4
Dodge: Dodged            ||     8
Block: Buckler           ||     6
